 Dungeon Crawl Stone Soup version 0.29-a0-284-gf9362112df (console) character file.

Game seed: 14156477551217485380

6071 Ignak the Magician (level 10, -7/79 HPs)
             Began as a Gnoll Warper on Mar 15, 2022.
             Was a Follower of Okawaru.
             Killed from afar by a gargoyle (24 damage)
             ... with a stone arrow
             ... on level 10 of the Dungeon.
             The game lasted 00:45:10 (14650 turns).

Ignak the Magician (Gnoll Warper)                  Turns: 14650, Time: 00:45:11

Health: -7/79      AC: 11    Str: 12    XL:     10   Next: 87%
Magic:  21/21      EV: 14    Int: 16    God:    Okawaru [*.....]
Gold:   34         SH:  0    Dex: 11    Spells: 7/24 levels left

rFire   + . .      SeeInvis .   y - +5 glaive {speed, *Noise rPois rN+++ rCorr}
rCold   . . .      Faith    .   (shield currently unavailable)
rNeg    + + +      Spirit   .   o - +2 leather armour of the Beginning {+Blink Will+ rCorr}
rPois   +          Reflect  .   k - +0 helmet
rElec   .          Harm     .   h - +0 cloak
rCorr   +          Rampage  .   (no gloves)
Will    +....                   f - +2 pair of boots
Stlth   +++.......              t - amulet of the acrobat
HPRegen 0.23/turn               j - ring of protection from fire
MPRegen 0.17/turn               (no ring)

@: no status effects
A: fangs 1, strong nose, distributed training
a: Renounce Religion, Evoke Blink, Heroism


You were on level 10 of the Dungeon.
You worshipped Okawaru.
Okawaru was aware of your devotion.
You visited 2 branches of the dungeon, and saw 11 of its levels.

You collected 552 gold pieces.
You spent 518 gold pieces at shops.

Inventory:

Hand Weapons
 y - the +5 glaive "Nakhlusch" (weapon) {speed, *Noise rPois rN+++ rCorr}
   (You bought it in a shop on level 8 of the Dungeon)

   Attacks with this weapon are significantly faster.
   rPois:     It protects you from poison.
   rN:        It renders you almost immune to negative energy.
   *Noise:    It may make noises in combat.
   rCorr:     It protects you from acid and corrosion.
Missiles
 d - 5 boomerangs of dispersal
 i - 12 poisoned darts (quivered)
 q - 4 boomerangs
Armour
 e - the +10 plate armour "Teraeliudgh" {rPois rCorr Str-4 Dex+4}
   (You found it on level 9 of the Dungeon)

   Str:       It affects your strength (-4).
   Dex:       It affects your dexterity (+4).
   rPois:     It protects you from poison.
   rCorr:     It protects you from acid and corrosion.
 f - a +2 pair of boots (worn)
 h - a +0 cloak (worn)
 k - a +0 helmet (worn)
 o - the +2 leather armour of the Beginning (worn) {+Blink Will+ rCorr}
   (You found it on level 3 of the Dungeon)

   +Blink:    It lets you blink.
   rCorr:     It protects you from acid and corrosion.
   Will:      It increases your willpower.
 w - +0 steam dragon scales
Magical Staves
 a - a staff of poison
Jewellery
 j - a ring of protection from fire (left hand)
 r - a ring of ice
 s - a ring of ice
 t - an amulet of the acrobat (around neck)
 v - an amulet of magic regeneration
Wands
 m - a wand of flame (13)
 n - a wand of iceblast (8)
Scrolls
 b - 9 scrolls of identify
 u - 4 scrolls of amnesia
 x - 2 scrolls of teleportation
Potions
 c - 2 potions of brilliance
 g - 6 potions of curing
 p - a potion of resistance


   Skills:
 + Level 7.4 Fighting
 + Level 5.7 Short Blades
 + Level 7.4 Long Blades
 + Level 5.7 Axes
 + Level 5.7 Maces & Flails
 + Level 5.7 Polearms
 + Level 5.7 Staves
 + Level 5.7 Slings
 + Level 5.7 Bows
 + Level 5.7 Crossbows
 + Level 6.3 Throwing
 + Level 6.3 Armour
 + Level 7.4 Dodging
 + Level 5.7 Stealth
 + Level 5.7 Shields
 + Level 5.7 Unarmed Combat
 + Level 7.6 Spellcasting
 + Level 4.7 Conjurations
 + Level 4.7 Hexes
 + Level 4.7 Summonings
 + Level 4.7 Necromancy
 + Level 7.3 Translocations
 + Level 4.7 Transmutations
 + Level 4.7 Fire Magic
 + Level 4.7 Ice Magic
 + Level 4.7 Air Magic
 + Level 4.7 Earth Magic
 + Level 4.7 Poison Magic
 + Level 6.2 Invocations
 + Level 5.7 Evocations


You had 7 spell levels left.
You knew the following spells:

 Your Spells              Type           Power      Damage    Failure   Level
a - Shock                 Conj/Air       84%        1d8       1%          1
b - Blink                 Tloc           58%        N/A       1%          2
c - Swiftness             Air            21%        N/A       6%          3
d - Airstrike             Air            10%        N/A       21%         4
e - Manifold Assault      Tloc           29%        N/A       19%         5
f - Searing Ray           Conj           42%        2d6       3%          2

Your spell library contained the following spells:

 Spells                   Type           Power      Damage    Failure   Level
 Apportation              Tloc           58%        N/A       1%          1
 Magic Dart               Conj           84%        1d7       1%          1
 Gell's Gravitas          Tloc           29%        N/A       1%          3
 Lesser Beckoning         Tloc           29%        N/A       1%          3
 Teleport Other           Tloc           29%        N/A       1%          3
 Dazzling Flash           Conj/Hex       42%        N/A       6%          3
 Iskenderun's Mystic Bla  Conj/Tloc      25%        2d7       12%         4
 Fulminant Prism          Conj/Hex       10%        3d9       21%         4
 Starburst                Conj/Fire      10%        6d5       97%         6
 Orb of Destruction       Conj           10%        9d6       100%        7
 Animate Skeleton         Necr           Unusable   N/A       N/A         1
 Summon Small Mammal      Summ           Unusable   N/A       N/A         1
 Call Canine Familiar     Summ           Unusable   N/A       N/A         3
 Summon Guardian Golem    Hex/Summ       Unusable   N/A       N/A         3
 Spellforged Servitor     Conj/Summ      Unusable   N/A       N/A         7

Dungeon Overview and Level Annotations

Branches:
Dungeon (10/15)            Temple (1/1) D:5
   Lair: D:8-11         Orc: D:9-12

Altars:
Ashenzari
Cheibriados
Dithmenos
Elyvilon
Fedhas
Gozag
Hepliaklqana
Kikubaaqudgha
Makhleb
Nemelex Xobeh
Okawaru
Qazlal
Ru
Sif Muna
Trog
Uskayaw
Vehumet
Wu Jian
Xom
Yredelemnul
Zin
The Shining One

Shops:
D:4 *   D:8 *   D:10 *

Annotations:
D:10 2 transporters, Dabor's ghost, journeyman GrFi


Innate Abilities, Weirdness & Mutations

You have very sharp teeth.
Your uncanny sense of smell can sniff out nearby items.
Your experience applies equally to all skills.


Message History

Things that are here:
a +0 spear; a gnoll corpse Magic restored.
Found a scimitar.
You see here a +0 scimitar.
Found a scimitar.
You now have 34 gold pieces (gained 10).
A gargoyle comes into view. It is wielding a +0 flail.
You hit the gargoyle.
The gargoyle is lightly damaged.
The gargoyle hits you but does no damage.
You barely miss the gargoyle.
The gargoyle is lightly damaged.
The gargoyle hits you with a +0 flail.
You slash the gargoyle!
The gargoyle is moderately damaged.
The gargoyle hurls a stone arrow at you.
The stone arrow misses you.
You slash the gargoyle!
The gargoyle is severely damaged.
The gargoyle hurls a stone arrow at you.
The stone arrow hits you!!
You closely miss the gargoyle.
The gargoyle is severely damaged.
The gargoyle barely misses you.
You barely miss the gargoyle.
The gargoyle is severely damaged.
The gargoyle hits you with a +0 flail!
You hit the gargoyle.
The gargoyle is severely damaged.
The gargoyle hurls a stone arrow at you.
The stone arrow hits you!!
* * * LOW HITPOINT WARNING * * *
You hit the gargoyle.
The gargoyle is almost destroyed.
You hit the gargoyle but do no damage.
The gargoyle is almost destroyed.
The gargoyle hurls a stone arrow at you.
The stone arrow hits you!!
You die...

#..# #.#
#..# #.#
#..#
########.#
....
.........#
.........#
.........#
########.#
#.# #@#
#9# #.#
..# ..#
...# ####


You could see a gargoyle.

Vanquished Creatures
  Pikel (D:6)
  Maggie (D:8)
  A hornet (D:9)
  Grinder (D:4)
  A shadow (D:8)
  A wraith (D:8)
  A wyvern (D:10)
  2 steam dragons (D:9)
  2 water moccasins
  5 orc warriors
  3 black bears
  An ice beast (D:6)
  An ogre (D:5)
  2 centaurs
  2 phantoms
  A kobold brigand (D:8)
  A bullfrog (D:8)
  3 scorpions
  A gnoll sergeant (D:10)
  19 killer bees
  4 howler monkeys
  7 orc priests
  5 gnoll shamans
  4 hounds
  Natasha (thrice) (D:2)
  5 iguanas
  7 orc wizards
  Robin (D:2)
  29 gnolls
  10 adders
  An ufetubus (D:6)
  An adder zombie (D:2)
  An adder skeleton (D:2)
  2 worms
  40 orcs
  8 ball pythons
  9 bats
  2 bat skeletons (D:2)
  A bat zombie (D:2)
  6 endoplasms
  6 giant cockroaches
  17 goblins
  15 hobgoblins
  3 jackals (D:1)
  4 quokkas
  2 ball python skeletons (D:2)
  4 frilled lizards
  6 kobolds
  4 rats
257 creatures vanquished.

Vanquished Creatures (others)
  An orc wizard (D:9)
  2 plants
  4 withered plants (D:2)
7 creatures vanquished.

Grand Total: 264 creatures vanquished

Notes
Turn   | Place    | Note
-------+----------+-------------------------------------------
     0 | D:1      | Ignak the Gnoll Warper began the quest for the Orb.
     0 | D:1      | Reached XP level 1. HP: 20/20 MP: 6/6
   162 | D:1      | Reached XP level 2. HP: 20/26 MP: 7/7
   176 | D:1      | Learned a level 2 spell: Blink
   938 | D:1      | Found a faded altar of an unknown god.
   959 | D:1      | Reached XP level 3. HP: 31/31 MP: 9/9
   997 | D:1      | Reached skill level 5 in Spellcasting
  1321 | D:2      | Noticed Natasha
  1343 | D:2      | Killed Natasha
  1344 | D:2      | Reached skill level 1 in Short Blades
  1344 | D:2      | Reached skill level 1 in Axes
  1344 | D:2      | Reached skill level 1 in Maces & Flails
  1344 | D:2      | Reached skill level 1 in Polearms
  1344 | D:2      | Reached skill level 1 in Staves
  1344 | D:2      | Reached skill level 1 in Slings
  1344 | D:2      | Reached skill level 1 in Bows
  1344 | D:2      | Reached skill level 1 in Crossbows
  1344 | D:2      | Reached skill level 1 in Stealth
  1344 | D:2      | Reached skill level 1 in Shields
  1344 | D:2      | Reached skill level 1 in Unarmed Combat
  1344 | D:2      | Reached skill level 1 in Invocations
  1344 | D:2      | Reached skill level 1 in Evocations
  1344 | D:2      | Reached XP level 4. HP: 18/38 MP: 11/11
  1540 | D:2      | Noticed Robin
  2243 | D:2      | Killed Robin
  2244 | D:2      | Reached skill level 1 in Conjurations
  2244 | D:2      | Reached skill level 1 in Hexes
  2244 | D:2      | Reached skill level 1 in Summonings
  2244 | D:2      | Reached skill level 1 in Necromancy
  2244 | D:2      | Reached skill level 1 in Transmutations
  2244 | D:2      | Reached skill level 1 in Fire Magic
  2244 | D:2      | Reached skill level 1 in Ice Magic
  2244 | D:2      | Reached skill level 1 in Air Magic
  2244 | D:2      | Reached skill level 1 in Earth Magic
  2244 | D:2      | Reached skill level 1 in Poison Magic
  2478 | D:2      | Reached XP level 5. HP: 37/43 MP: 12/12
  2876 | D:2      | Noticed Natasha
  2893 | D:2      | Killed Natasha
  3048 | D:2      | Noticed Natasha
  3063 | D:2      | Killed Natasha
  3064 | D:2      | Reached XP level 6. HP: 34/50 MP: 13/13
  3084 | D:2      | Found a broken altar of Ashenzari.
  3346 | D:3      | Identified the +2 leather armour of the Beginning {+Blink
                  | Will+ rCorr}
  3442 | D:3      | Learned a level 1 spell: Shock
  3446 | D:3      | Learned a level 3 spell: Swiftness
  3451 | D:3      | Learned a level 4 spell: Airstrike
  3457 | D:3      | Learned a level 5 spell: Manifold Assault
  4404 | D:4      | Identified the +1 robe "Reule" {rElec Slay+2}
  4560 | D:4      | Noticed Grinder
  4677 | D:4      | HP: 1/50 [Grinder/nerve-wracking pain (13)]
  4699 | D:4      | Found Oshob's Neck Hole.
  4823 | D:4      | Bought a +0 cloak for 54 gold pieces
  5205 | D:4      | Reached skill level 5 in Fighting
  5205 | D:4      | Reached skill level 5 in Long Blades
  5205 | D:4      | Reached skill level 5 in Dodging
  5408 | D:5      | Entered Level 5 of the Dungeon
  5503 | D:5      | Noticed a black bear
  5519 | D:5      | Killed a black bear
  5571 | D:5      | Reached XP level 7. HP: 45/56 MP: 15/15
  6002 | D:4      | Paralysed by Grinder for 4 turns
  6007 | D:4      | Killed Grinder
  6383 | D:5      | Found a staircase to the Ecumenical Temple.
  6393 | Temple   | Entered the Ecumenical Temple
  6648 | D:5      | Reached XP level 8. HP: 63/63 MP: 12/16
  8190 | D:6      | You fall into a shaft and drop 1 floor!
  8967 | D:6      | Reached XP level 9. HP: 64/69 MP: 18/18
  9585 | D:7      | Noticed Pikel
  9721 | D:6      | Killed Pikel
  9722 | D:6      | Reached skill level 5 in Throwing
  9722 | D:6      | Reached skill level 5 in Armour
 10494 | D:8      | Noticed Maggie
 10507 | D:8      | Reached skill level 5 in Invocations
 10554 | D:8      | Learned a level 2 spell: Searing Ray
 11053 | D:8      | Reached XP level 10. HP: 50/77 MP: 2/20
 11138 | D:8      | Killed Maggie
 11158 | D:8      | Reached skill level 5 in Short Blades
 11158 | D:8      | Reached skill level 5 in Axes
 11158 | D:8      | Reached skill level 5 in Maces & Flails
 11158 | D:8      | Reached skill level 5 in Polearms
 11158 | D:8      | Reached skill level 5 in Staves
 11158 | D:8      | Reached skill level 5 in Slings
 11158 | D:8      | Reached skill level 5 in Bows
 11158 | D:8      | Reached skill level 5 in Crossbows
 11158 | D:8      | Reached skill level 5 in Stealth
 11158 | D:8      | Reached skill level 5 in Shields
 11158 | D:8      | Reached skill level 5 in Unarmed Combat
 11158 | D:8      | Reached skill level 5 in Evocations
 12045 | D:8      | Found Viache's Assorted Antiques.
 12051 | D:8      | Bought a crude glaive for 402 gold pieces
 12051 | D:8      | Identified the +5 glaive "Nakhlusch" {speed, *Noise rPois
                  | rN+++ rCorr} (You bought it in a shop on level 8 of the
                  | Dungeon)
 12766 | D:9      | Found an opulent altar of Gozag.
 12766 | D:9      | Found a broken altar of Ashenzari.
 12766 | D:9      | Found a sacrificial altar of Ru.
 12774 | D:9      | Found an iron altar of Okawaru.
 12782 | D:9      | Became a worshipper of Warmaster Okawaru
 13530 | D:9      | Identified the +10 plate armour "Teraeliudgh" {rPois rCorr
                  | Str-4 Dex+4}
 13635 | D:10     | Entered Level 10 of the Dungeon
 13635 | D:10     | Noticed Dabor's ghost (journeyman GrFi)
 13635 | D:10     | Found the necklace of Bloodlust {*Rage Will++ Int-3 Slay+6}
 13635 | D:10     | Found a transporter.
 13635 | D:10     | Found a transporter.
 14399 | D:10     | Found Zoroc's Assorted Antiques.
 14404 | D:10     | Reached * piety under Okawaru
 14412 | D:10     | Bought 2 scrolls labelled TADOCUCZEE for 62 gold pieces
 14468 | D:10     | Found a shadowy altar of Dithmenos.
 14636 | D:10     | Noticed a gargoyle
 14650 | D:10     | Killed from afar by a gargoyle

Illustrated notes

Levels and vault maps discovered:
D:1:      scummos_arrival_star, layout_loops_corners,
          dreamdust_ecumenical_altar_statues
D:2:      layout_basic, basic_altar, serial_undead, serial_undead_a,
          serial_undead_b, serial_undead_c, serial_undead_f, uniq_robin,
          uniq_natasha
D:3:      layout_basic
D:4:      layout_cave_pods, corexii_shack, chequers_serial_rivers_micro_c,
          nicolae_shop_sticking_my_neck_out, uniq_grinder
D:5:      layout_layer_cave, minmay_temple_entry_butterflies, serial_bayou,
          serial_bayou_pond_e, serial_bayou_shore_b, serial_bayou_pond_e,
          serial_bayou_lagoon_a
D:6:      layout_basic, grunt_decor_cap
D:7:      layout_basic, uniq_pikel
D:8:      layout_loops_corners, serial_shops, shop_fountains,
          grunt_ministairs_4, uniq_maggie
D:9:      layout_loops_cross, grunt_temple_overflow_cloverleaf
D:10:     layout_long_grid, nicolae_overflow_crystal_walls, dpeg_lair_monsters,
          david_orc_5, gammafunk_ghost_hive, serial_shops, nicolae_shop_crystal
Temple:   minmay_crystal_spiral_temple

Skill      XL: |  1  2  3  4  5  6  7  8  9 10 |
---------------+-------------------------------+-----
Spellcasting   | 5 6 7 |  7.6
Short Blades   | 1 2 3 4 5 |  5.7
Axes           | 1 2 3 4 5 |  5.7
Maces & Flails | 1 2 3 4 5 |  5.7
Polearms       | 1 2 3 4 5 |  5.7
Staves         | 1 2 3 4 5 |  5.7
Slings         | 1 2 3 4 5 |  5.7
Bows           | 1 2 3 4 5 |  5.7
Crossbows      | 1 2 3 4 5 |  5.7
Stealth        | 1 2 3 4 5 |  5.7
Shields        | 1 2 3 4 5 |  5.7
Unarmed Combat | 1 2 3 4 5 |  5.7
Invocations    | 1 2 3 4 5 6 |  6.2
Evocations     | 1 2 3 4 5 |  5.7
Conjurations   | 1 2 3 4 |  4.7
Hexes          | 1 2 3 4 |  4.7
Summonings     | 1 2 3 4 |  4.7
Necromancy     | 1 2 3 4 |  4.7
Transmutations | 1 2 3 4 |  4.7
Fire Magic     | 1 2 3 4 |  4.7
Ice Magic      | 1 2 3 4 |  4.7
Air Magic      | 1 2 3 4 |  4.7
Earth Magic    | 1 2 3 4 |  4.7
Poison Magic   | 1 2 3 4 |  4.7
Throwing       | 3 4 5 6 |  6.3
Armour         | 3 4 5 6 |  6.3
Fighting       | 5 6 7 |  7.4
Long Blades    | 5 6 7 |  7.4
Dodging        | 5 6 7 |  7.4
Translocations | 6 7 |  7.3

Action                   |  1- 3 |  4- 6 |  7- 9 | 10-12 || total
-------------------------+-------+-------+-------+-------++-------
Melee: Long sword        |    92 |   238 |   369 |    39 ||   738
       Bite              |     6 |    20 |    35 |    17 ||    78
       Staff             |       |    43 |       |       ||    43
       Punch             |       |     5 |     8 |     3 ||    16
       Glaive            |       |       |       |   171 ||   171
Throw: Dart              |     2 |     2 |     5 |       ||     9
       Boomerang         |       |     2 |       |       ||     2
 Cast: Shock             |       |    13 |     5 |     2 ||    20
       Blink             |       |     2 |     2 |     5 ||     9
       Manifold Assault  |       |       |     6 |    10 ||    16
       Searing Ray       |       |       |     3 |    10 ||    13
Evoke: Wand              |       |     1 |    10 |     3 ||    14
  Use: Potion            |     1 |     8 |     2 |     1 ||    12
       Scroll            |       |     6 |     7 |     2 ||    15
 Stab: Sleeping          |       |     1 |     1 |     1 ||     3
       Paralysed         |       |       |    11 |     8 ||    19
       Distracted        |       |       |     1 |       ||     1
Armor: Leather armour    |    14 |    53 |   172 |    60 ||   299
       Ring mail         |    16 |    99 |       |       ||   115
       Skin              |       |     2 |       |       ||     2
Dodge: Dodged            |    66 |   216 |   342 |   207 ||   831

Table legend: (Time is in decaauts)
 A = Elapsed time spent in this place.
 B = Non-inter-level travel time spent in this place.
 C = Inter-level travel time spent in this place.
 D = Time resting spent in this place.
 E = Time spent auto-exploring this place.
 F = Levels seen in this place.
 G = Mean time per level.
                   A        B        C        D        E       F      G
               +--------+--------+--------+--------+--------+-----+--------+
         Total |  14745 |  14525 |    220 |   4321 |   6372 |  11 | 1340.5 |
       Dungeon |  14536 |  14316 |    220 |   4321 |   6372 |  10 | 1453.6 |
        Temple |    209 |    209 |      0 |      0 |      0 |   1 |  209.0 |
               +--------+--------+--------+--------+--------+-----+--------+

Top non-repeatable levels by time:
     D:8: 1795 daAuts
     D:1: 1742 daAuts
     D:4: 1738 daAuts
     D:7: 1725 daAuts
     D:2: 1640 daAuts
     D:5: 1497 daAuts
     D:9: 1389 daAuts
     D:6: 1251 daAuts
     D:3: 975 daAuts
    D:10: 780 daAuts
  Temple: 209 daAuts
